Map: Eastwatch LE

Players

axu

  • Race: Protoss Protoss
  • League: Platinum
  • Spawn Location: 7:00

morik - Winner!

  • Race: Zerg Zerg
  • League: Platinum
  • Spawn Location: 1:00

VOD

Have the link to the VOD?

Description

Time

  • Played on: March 20, 2018, 12:46 p.m.
  • Length: 8:51
Show
View Real Time Build Order
Export as new Build Order

axu Protoss 

Build Orders: 1 Gate Expand, Oracle Opening 

Get SALT Encoding   

  12  0:00  Probe  
  13  0:13  Probe  
  14  0:23  Pylon  
  14  0:25  Probe  
  15  0:41  Probe  
  16  0:50  Gateway  
  16  0:53  Probe  
  16  0:56  Assimilator  
  17  1:05  Probe (Chrono Boost)  
  18  1:17  Probe (Chrono Boost)  
  19  1:31  Probe  
  20  1:34  Nexus  
  20  1:43  Cybernetics Core  
  20  1:47  Probe (Chrono Boost)  
  21  1:59  Probe (Chrono Boost)  
  21  2:00  Assimilator  
  22  2:02  Pylon  
  22  2:18  Gateway  
  22  2:32  Probe (Chrono Boost)  
  24  2:45  Stargate, Probe (Chrono Boost)  
  24  2:50  Probe (Chrono Boost)  
  25  2:56  Probe  
  25  2:59  Probe  
  25  3:04  Warp Gate  
  26  3:07  Adept x2  
  26  3:08  Probe  
  26  3:11  Probe  
  32  3:20  Probe  
  32  3:21  Gateway  
  32  3:25  Probe  
  34  3:32  Probe  
  35  3:37  Probe  
  35  3:39  Stalker x2  
  40  3:43  Oracle  
  40  3:44  Probe  
  44  3:49  Probe  
  44  3:54  Pylon  
  45  3:56  Probe  
  46  4:12  Probe  
  43  4:29  Stalker  
  43  4:31  Stalker  
  47  4:36  Stalker  
  47  4:37  Probe x2  
  51  4:41  Assimilator  
  51  4:45  Assimilator  
  51  4:48  Twilight Council  
  51  4:50  Probe, Forge  
  51  4:51  Probe  
  53  5:03  Probe  
  54  5:26  Pylon  
  54  5:28  Probe  
  53  5:36  Robotics Facility  
  53  5:50  Stalker x2  
  44  6:21  Stalker x2  
  44  6:27  Observer (Chrono Boost)  
  43  6:46  Pylon  
  37  6:47  Pylon  
  37  6:48  Immortal  
  37  6:52  Pylon  
  35  7:07  Stalker x2  
  20  7:49  Pylon  
  20  7:51  Probe x2  
  9  8:03  Probe x2  
  6  8:09  Zealot x2  
  9  8:15  Probe x2  
  9  8:19  Pylon  
  9  8:27  Probe x2  
  9  8:29  Pylon  
  11  8:36  Zealot x2  
  11  8:41  Gateway  
Show
View Real Time Build Order
Export as new Build Order

morik Zerg - Winner!

Build Orders: Hatch First, Roach Nydus 

Get SALT Encoding   

  12  0:01  Drone  
  13  0:10  Drone  
  14  0:21  Overlord  
  14  0:40  Drone x3  
  18  0:57  Drone  
  18  1:00  Hatchery  
  18  1:01  Extractor  
  18  1:02  Drone  
  17  1:13  Drone  
  18  1:22  Spawning Pool  
  17  1:27  Drone  
  18  1:35  Drone  
  19  1:47  Drone  
  20  1:57  Overlord  
  20  2:06  Drone  
  21  2:11  Queen x2  
  21  2:13  Drone  
  26  2:18  Extractor  
  26  2:19  Zergling x2  
  26  2:23  Zergling x2  
  27  2:33  Roach Warren  
  27  2:34  Drone  
  27  2:38  Zergling x2  
  27  2:40  Drone  
  29  2:48  Lair  
  29  2:58  Drone x2  
  31  2:59  Drone  
  31  3:00  Drone  
  33  3:06  Queen  
  33  3:11  Drone  
  36  3:17  Overlord  
  36  3:29  Overlord  
  36  3:39  Overlord  
  36  3:44  Queen  
  36  3:47  Drone x2  
  36  3:48  Drone  
  41  3:50  Roach x2  
  41  3:53  Roach  
  47  4:03  Nydus Network  
  43  4:25  Queen  
  43  4:30  Roach x4  
  43  4:31  Roach x2  
  57  4:34  Roach  
  59  4:47  Overlord  
  59  4:57  Overlord  
  59  5:02  Queen, Nydus Canal  
  53  5:14  Queen  
  49  5:31  Roach x3  
  42  6:13  Roach x6  
  42  6:14  Roach  
  27  7:52  Roach x3  
  27  7:55  Roach x2  
  27  7:56  Roach  
Tags
 
Add a new tag
Caveats
  • Supply blocks, unpowered buildings, or Contaminate may cause inaccurate times.
  • Supply counts are checked every 10 seconds.